 Dungeon Crawl Stone Soup version 0.31-a0-636-ge1c0e020e0 (webtiles) character file.

Game seed: 10185888008147376569

52 Descartes the Sneak (level 3, 0/19 HPs)
             Began as a Spriggan Delver on Aug 26, 2023.
             Slain by a goblin
             ... wielding a +0 club
              (3 damage)
             ... on level 3 of the Dungeon.
             The game lasted 00:01:56 (491 turns).

Descartes the Sneak (Spriggan Delver)                Turns: 491, Time: 00:01:56

Health: 0/19       AC:  2    Str: 10    XL:     3   Next: 60%
Magic:  4/4        EV: 18    Int: 11    God:
Gold:   23         SH:  0    Dex: 16    Spells: 2/2 levels left

rFire   . . .        h - +1 dagger (speed)
rCold   . . .        (no shield)
rNeg    . . .        b - +0 robe
rPois   .            (helmet restricted)
rElec   .            (no cloak)
rCorr   .            (gloves unavailable)
SInv    +            (boots unavailable)
Will    .....        (no amulet)
Stlth   ++++         (no ring)
HPRegen 0.23/turn    (no ring)
MPRegen 0.09/turn

%: no passive effects
@: very quick
A: very small, no large weapons, unfitting armour, see invisible, speed 3
a: no special abilities


You were on level 3 of the Dungeon.
You visited 1 branch of the dungeon, and saw 3 of its levels.

You collected 23 gold pieces.

Inventory:

Hand Weapons
 a - a +0 short sword
 h - a +1 dagger of speed (weapon)
Armour
 b - a +0 robe (worn)
Wands
 g - a wand of digging (3)
Scrolls
 c - a scroll of fog
 d - a scroll of revelation
 e - a scroll of fear
 l - a scroll of enchant armour {unknown}
Potions
 f - a potion of haste
 i - 2 potions of resistance {unknown}
 j - a potion of might {unknown}
 k - a potion of brilliance {unknown}
 m - a potion of curing {unknown}
 n - a potion of heal wounds {unknown}


   Skills:
 + Level 2.8 Fighting
 + Level 2.9 Short Blades
 + Level 3.5 Dodging
 + Level 7.8 Stealth


You had 2 spell levels left.
You didn't know any spells.
Your spell library was empty.

Dungeon Overview and Level Annotations

Branches:
Dungeon (5/15)
 Temple: D:4-7

Altars:
Wu Jian


Innate Abilities, Weirdness & Mutations

You are very small and have problems with some larger weapons.
You are too small for most types of armour.
You have supernaturally acute eyesight. (SInv)
You cover ground extremely quickly. (Speed+++)


Message History

A goblin comes into view. It is wielding a +0 spear.
The goblin shouts!
The goblin shouts!
You hit the orc but do no damage. The orc hits you with a +3 whip.
The goblin unwields a +0 spear.
The goblin wields a +0 sling.
The goblin shoots a sling bullet.
The sling bullet misses you.
The orc throws a boomerang.
The boomerang closely misses you.
You hit the orc.
The orc is moderately wounded.
You hit the orc but do no damage.
The orc is moderately wounded.
The orc completely misses you.
An endoplasm comes into view.
You hit the orc but do no damage.
The orc is moderately wounded.
The orc barely misses you. x2
You hit the orc.
The orc is heavily wounded.
You hit the orc.
The orc is severely wounded.
The orc closely misses you. The goblin hits you with a +0 club.
The orc hits you with a +0 dagger.
The goblin shoots a sling bullet.
The sling bullet misses you.
You hit the orc but do no damage.
The orc is severely wounded.
You hit the orc but do no damage.
The orc is severely wounded.
The orc hits you with a +0 dagger. The orc hits you with a +3 whip.
* * * LOW HITPOINT WARNING * * *
The goblin barely misses you. The orc hits you with a +0 dagger.
* * * LOW HITPOINT WARNING * * *
You are too injured to fight recklessly!
You are too injured to fight recklessly!
You are too injured to fight recklessly!
You are too injured to fight recklessly!
You are too injured to fight recklessly!
Unknown command.
The orc closely misses you. The goblin attacks as it pursues you!
The goblin hits you with a +0 club.
You die...

#########..## #.#
##..####...
##..###.#
##.##.....
##..##.#
#.....####
##.##.# ##..####
#....#### #.†.#
###.....###..#†#
##........##>#
####.......###.#
#....@oo....##.#
#.#..go..g..##.#
#......o.J.....#
#..#....<........
..............##
..####..........
## .........#.
#.........#
..........#


You could see 4 orcs, an endoplasm and 2 goblins.

Vanquished Creatures
  An iguana (D:3)
  A gnoll (D:4)
  An orc (D:3)
  2 endoplasms (D:4)
  A giant cockroach (D:3)
  2 hobgoblins (D:3)
  2 jackals (D:4)
  A quokka (D:5)
  3 kobolds
  2 rats (D:3)
16 creatures vanquished.

Notes
Turn   | Place    | Note
-------+----------+-------------------------------------------
     0 | D:5      | Descartes the Spriggan Delver began the quest for the Orb.
     0 | D:5      | Reached XP level 1. HP: 11/11 MP: 2/2
    11 | D:5      | Noticed an ogre
    19 | D:5      | Noticed a black bear
    67 | D:5      | Found an ornate altar of the Wu Jian Council.
    92 | D:5      | Noticed a sleepcap
   285 | D:4      | Reached XP level 2. HP: 16/16 MP: 3/3
   449 | D:3      | Reached XP level 3. HP: 18/19 MP: 4/4
   491 | D:3      | Slain by a goblin

Illustrated notes

Levels and vault maps discovered:
D:3:      layout_rooms, shapermc_ecumenical_altar_mp_vishouse,
          saegor_snake_ambush, uniq_jessica
D:4:      layout_loops_ring, temple_doors_ab, minmay_strange_pillars,
          grunt_ministairs_6, nicolae_nh_ransacked_shop, uniq_duvessa
D:5:      layout_basic, nzn_wu_jian_contemplation, minmay_misc_feat_doors,
          bh_walls_and_bars

Skill      XL: |  1 |
---------------+----+-----
Dodging        | 3 |  3.5
Fighting       | |  2.8
Short Blades   | |  2.9
Stealth        | |  7.8

Action                     || total
---------------------------++-------
  Melee: Short sword       ||    18
         Dagger            ||    66
   Stab: Sleeping          ||     2
 Armour: Robe              ||     7
  Dodge: Dodged            ||    58

Table legend: (Time is in decaauts)
 A = Elapsed time spent in this place.
 B = Non-inter-level travel time spent in this place.
 C = Inter-level travel time spent in this place.
 D = Time resting spent in this place.
 E = Time spent auto-exploring this place.
 F = Levels seen in this place.
 G = Mean time per level.
                   A        B        C        D        E       F      G
               +--------+--------+--------+--------+--------+-----+--------+
         Total |    338 |    338 |      0 |      4 |    164 |   3 |  112.7 |
       Dungeon |    338 |    338 |      0 |      4 |    164 |   3 |  112.7 |
               +--------+--------+--------+--------+--------+-----+--------+

Top non-repeatable levels by time:
     D:5: 144 daAuts
     D:3: 124 daAuts
     D:4: 69 daAuts
